 Dungeon Crawl Stone Soup version 0.28-a0-563-gf77a47075d (webtiles) character file.

Game seed: 3223754062090941520

28 siradein the Sneak (level 3, 0/16 HPs)
             Began as a Spriggan Enchanter on Sept 30, 2021.
             Succumbed to an adder's poison
             ... on level 1 of the Dungeon.
             The game lasted 00:04:23 (1565 turns).

siradein the Sneak (Spriggan Enchanter)             Turns: 1565, Time: 00:04:23

Health: 0/16       AC:  2    Str:  4    XL:     3   Next: 0%
Magic:  4/8        EV: 17    Int: 16    God:
Gold:   36         SH:  0    Dex: 16    Spells: 6/8 levels left

rFire   . . .      SeeInvis +   e - +1 dagger (speed)
rCold   . . .      Faith    .   (shield restricted)
rNeg    . . .      Spirit   .   b - +0 robe
rPois   .          Reflect  .   (helmet restricted)
rElec   .          Harm     .   (no cloak)
rCorr   .          Rampage  .   (gloves unavailable)
Will    .....                   (boots unavailable)
Stlth   +++.......              (no amulet)
HPRegen 0.05/turn               (no ring)
MPRegen 0.11/turn               (no ring)

@: lethally poisoned (0 -> -1), very quick
A: very small, no large weapons, unfitting armour, see invisible, speed 3
a: no special abilities


You were on level 1 of the Dungeon.
You visited 1 branch of the dungeon, and saw 2 of its levels.

You collected 36 gold pieces.

Inventory:

Hand Weapons
 d - a +0 hunting sling
 e - a +1 dagger of speed (weapon)
Missiles
 a - 81 stones (quivered)
 f - 30 poisoned darts
 h - 23 sling bullets
Armour
 b - a +0 robe (worn)
Jewellery
 g - an amulet of regeneration
Scrolls
 i - a scroll of identify {unknown}
Potions
 c - a potion of invisibility
 j - a potion of heal wounds {unknown}


   Skills:
 + Level 1.6 Short Blades
 + Level 0.6 Slings
 + Level 3.1 Dodging
 + Level 4.9 Stealth
 + Level 3.1 Spellcasting
 + Level 3.9 Hexes


You had 6 spell levels left.
You knew the following spells:

 Your Spells              Type           Power      Damage    Failure   Level
a - Ensorcelled Hibernat  Hex/Ice        16%        N/A       12%         2

Your spell library contained the following spells:

 Spells                   Type           Power      Damage    Failure   Level
 Confusing Touch          Hex            15%        N/A       11%         3
 Tukima's Dance           Hex            15%        N/A       11%         3
 Dazzling Flash           Conj/Hex       16%        N/A       24%         3


Dungeon Overview and Level Annotations

Branches:
Dungeon (2/15)

Altars:


Innate Abilities, Weirdness & Mutations

You are very small and have problems with some larger weapons.
You are too small for most types of armour.
You have supernaturally acute eyesight. (SInv)
You cover ground extremely quickly. (Speed+++)


Message History

The adder barely misses you.
You completely miss the adder.
The adder is heavily wounded.
The adder bites you.
You are poisoned.
The adder poisons you!
You are too injured to fight recklessly!
You are too injured to fight recklessly!
You are too injured to fight recklessly!
Casting: Ensorcelled Hibernation (safe; 12% risk of failure)
Confirm with . or Enter, or press ? or * to list all spells.
Aiming: Ensorcelled Hibernation (safe; 12% risk of failure)
Press: ? - help, Shift-Dir - straight line, f - adder
Aim: an adder (heavily wounded, chance to affect: 49%)
The adder resists with some effort.
You feel sick. The adder closely misses you.
Casting: Ensorcelled Hibernation (safe; 12% risk of failure)
Confirm with . or Enter, or press ? or * to list all spells.
Aiming: Ensorcelled Hibernation (safe; 12% risk of failure)
Press: ? - help, Shift-Dir - straight line, f/p - adder
Aim: an adder (heavily wounded, chance to affect: 49%)
The adder resists with some effort.
You feel sick. The adder misses you. The adder bites you.
* * * LOW HITPOINT WARNING * * *
You hit the adder but do no damage.
The adder is heavily wounded.
You hit the adder.
The adder is severely wounded.
* * * LOW HITPOINT WARNING * * *
You feel sick. The adder misses you.
You miss the adder.
The adder is severely wounded.
The adder closely misses you.
You hit the adder but do no damage.
The adder is severely wounded.
* * * LOW HITPOINT WARNING * * *
You feel sick. The adder completely misses you.
You barely miss the adder.
The adder is severely wounded.
You die...

#### ### #####..######.#
#.............# ######
#.#.#...#####.## ..)..#
#.#............. ####.#
##########)#.##..#####.## ...#.#
#..........#.##..# #.#
##.#.####..........#.##..#####.##
................@..#.##..........
...#.####......S..##.##.######.#.
.....# #.....[...##.##......#.#.
.....# ############.#######.#.#.
.....# #.# #.#.#. #....# #.#
#.#.#. .....#### #.#######.#.#.
........# #.........#...
....)...# #############.


You could see an adder.

Vanquished Creatures
  An endoplasm (D:1)
  4 goblins (D:1)
  A hobgoblin (D:1)
  2 jackals (D:1)
  3 quokkas (D:1)
  2 ball pythons (D:1)
  2 bats (D:1)
  2 frilled lizards (D:1)
  5 kobolds (D:1)
  5 rats (D:1)
27 creatures vanquished.

Notes
Turn   | Place    | Note
-------+----------+-------------------------------------------
     0 | D:1      | siradein the Spriggan Enchanter began the quest for the
                  | Orb.
     0 | D:1      | Reached XP level 1. HP: 9/9 MP: 5/5
   286 | D:1      | Reached XP level 2. HP: 13/13 MP: 6/6
   748 | D:1      | Learned a level 2 spell: Ensorcelled Hibernation
  1471 | D:1      | Reached XP level 3. HP: 16/16 MP: 8/8
  1565 | D:1      | Succumbed to an adder's poison

Illustrated notes

Levels and vault maps discovered:
D:1:      heliophobic_arrival_ceremonial_halls, layout_basic,
          minmay_misc_feat_chi
D:2:      layout_rooms, serial_glass, glass_columns_a, glass_columns_c,
          hellmonk_ecumenical_altar_inner_sanctum, minmay_crystal_room

Skill      XL: |  1  2 |
---------------+-------+-----
Dodging        | 3 |  3.1
Spellcasting   | 3 |  3.1
Short Blades   | |  1.6
Slings         | |  0.6
Stealth        | |  4.9
Hexes          | |  3.9

Action                   || total
-------------------------++-------
Melee: Dagger            ||   127
 Fire: Hunting sling     ||    38
 Cast: Ensorcelled Hiber ||     2
Armor: Robe              ||    16
Dodge: Dodged            ||   106

Table legend: (Time is in decaauts)
 A = Elapsed time spent in this place.
 B = Non-inter-level travel time spent in this place.
 C = Inter-level travel time spent in this place.
 D = Time resting spent in this place.
 E = Time spent auto-exploring this place.
 F = Levels seen in this place.
 G = Mean time per level.
                   A        B        C        D        E       F      G
               +--------+--------+--------+--------+--------+-----+--------+
         Total |   1259 |   1246 |     13 |    164 |    813 |   2 |  629.5 |
       Dungeon |   1259 |   1246 |     13 |    164 |    813 |   2 |  629.5 |
               +--------+--------+--------+--------+--------+-----+--------+

Top non-repeatable levels by time:
     D:1: 1256 daAuts
     D:2: 2 daAuts
